AoeStats
← wuyu

African Clearing

510361418Analyzed
4v4 RM · 1d ago on Sep 30, 2026· 48m 51s· 8 players
Game mode
Random Map
Map size
Large (8 player)
Population
200
Speed
Normal
Resources
Standard
Victory
Conquest
Starting age
Dark Age
Ending age
Imperial Age
RankedLock teamsTeams togetherTeam positionsShared explorationLock speedFull tech treeHidden civsTurbo modeCheats
Victory
Defeat
🇨🇳 Varangians · China
1320
+11
🇨🇳 Berbers · China
1305
+12
🇨🇳 Chinese · China
1139
+19
🇨🇳 Huns · China
1098
+20
🇨🇳 Saracens · China
1232
-17
🇬🇧 Vietnamese · United Kingdom
1224
-16
🇷🇴 Poles · Romania
1197
-15
🇨🇿 Spanish · Czechia
1162
-14
ManBearPig1511
4:33 Loom
14:29 Feudal Age
15:49 Double-Bit Axe
20:33 Fletching
23:05 Horse Collar
33:29 Wheelbarrow
33:00 Town Watch
35:35 Castle Age
34:29 Padded Archer Armor
37:26 Heavy Plow
37:20 Stone Mining
37:21 Gold Mining
38:14 Hand Cart
38:05 Town Patrol
38:25 Bow Saw
43:30 Thumb Ring
42:49 Crossbowman
46:59 Imperial Age
45:10 Ballistics
46:10 Stone Shaft Mining
47:10 Arbalester
48:55 Chemistry
48:11 Bodkin Arrow
49:05 Leather Archer Armor
TheShade
8:14 Loom
14:09 Feudal Age
19:21 Castle Age
17:24 Town Watch
30:52 Gold Mining
31:03 Horse Collar
32:35 Fletching
33:18 Ballistics
35:15 Wheelbarrow
34:54 Bodkin Arrow
38:12 Padded Archer Armor
37:42 Elite Skirmisher
39:04 Masonry
40:21 Double-Bit Axe
42:32 Pikeman
45:06 Scale Mail Armor
45:17 Forging
45:09 Scale Mail Armor
45:39 Bloodlines
wuyu
3:45 Loom
15:07 Feudal Age
21:51 Castle Age
20:41 Double-Bit Axe
23:06 Husbandry
35:03 Wheelbarrow
36:46 Horse Collar
37:39 Scale Barding Armor
39:39 Fletching
39:59 Forging
40:40 Town Watch
41:14 Bimaristan
43:59 Chain Barding Armor
RoaZorro
12:57 Feudal Age
17:21 Castle Age
15:19 Double-Bit Axe
15:23 Horse Collar
18:43 Bow Saw
19:07 Heavy Plow
22:00 Wheelbarrow
23:55 Coinage
24:52 Husbandry
25:02 Bloodlines
26:39 Scale Barding Armor
26:46 Forging
26:32 Loom
30:28 Hand Cart
35:05 Imperial Age
33:08 Chain Barding Armor
34:05 Iron Casting
35:04 Fletching
35:49 Cavalier
36:53 Lechitic Legacy
36:41 Szlachta Privileges
37:03 Conscription
36:07 Light Cavalry
39:05 Blast Furnace
38:46 Winged Hussar
41:43 Chemistry
45:54 Scale Mail Armor
45:50 Bodkin Arrow
46:40 Ballistics
47:10 Chain Mail Armor
47:29 Siege Engineers
47:20 Murder Holes
48:36 Lechitic Legacy
48:49 Plate Mail Armor
Guoda Statham
10:56 Loom
13:00 Feudal Age
17:11 Castle Age
15:28 Double-Bit Axe
15:51 Fletching
15:51 Horse Collar
18:07 Bow Saw
23:09 Town Watch
24:52 Bodkin Arrow
27:41 Wheelbarrow
28:33 Husbandry
29:20 Bloodlines
29:12 Padded Archer Armor
30:13 Gold Mining
30:57 Ballistics
37:46 Imperial Age
34:56 Light Cavalry
36:43 Hand Cart
36:29 Heavy Plow
37:05 Gold Shaft Mining
36:22 Stone Mining
38:59 Conscription
39:00 Heavy Camel Rider
41:02 Chemistry
40:03 Bracer
40:32 Scale Barding Armor
43:01 Chain Barding Armor
42:52 Forging
42:58 Leather Archer Armor
43:02 Elite Camel Archer
44:55 Stone Shaft Mining
44:35 Kasbah
44:36 Maghrebi Camels
45:12 Hoardings
49:01 Plate Barding Armor
我是帅比
8:03 Loom
12:26 Feudal Age
15:08 Wheelbarrow
17:46 Castle Age
17:01 Double-Bit Axe
20:27 Wheelbarrow
21:26 Bow Saw
21:35 Stone Mining
23:14 Horse Collar
30:52 Forging
30:50 Scale Barding Armor
31:48 Hand Cart
32:54 Heavy Plow
36:40 Imperial Age
34:29 Gold Mining
36:07 Iron Casting
35:53 Chain Barding Armor
35:38 Husbandry
35:48 Bloodlines
35:12 Light Cavalry
37:06 Cavalier
37:07 Hussar
39:24 Plate Barding Armor
39:50 Blast Furnace
39:23 Paladin
大哥发把狙
3:13 Loom
13:12 Feudal Age
14:06 Double-Bit Axe
15:54 Fletching
19:22 Padded Archer Armor
26:21 Castle Age
26:27 Crossbowman
27:37 Bodkin Arrow
不黑的驴
6:35 Loom
13:20 Feudal Age
14:26 Double-Bit Axe
16:56 Castle Age
18:03 Scale Barding Armor
18:18 Bow Saw
18:47 Bloodlines
27:32 Horse Collar
30:08 Wheelbarrow
35:11 Imperial Age
34:03 Town Watch
34:34 Hand Cart
34:24 Husbandry
35:15 Stone Mining
35:15 Gold Mining
35:45 Heavy Plow
35:08 Vendel Legacy
37:03 Scale Mail Armor
37:18 Forging
37:52 Stone Shaft Mining
37:48 Conscription
37:58 Town Patrol
38:03 Squires
37:48 Arson
38:12 Gambesons
38:41 Elite Varangian Guard
40:14 Gothikon
40:54 Fletching
41:22 Chain Mail Armor
45:48 Plate Mail Armor
45:53 Iron Casting
45:07 Capped Ram
47:50 Siege Ram
Connection lost

Rejoining the realm…

Still unreachable

The connection could not be restored.

Session expired

The server has moved on; the page needs a fresh start.